 Dungeon Crawl Stone Soup version 0.31-a0-167-g1c394c0614 (webtiles) character file.

Game seed: 3370933793257348339

11028 qw the Cleaver (level 11, -6/71 HPs)
             Began as a Gargoyle Fighter on June 14, 2023.
             Was a High Priest of Okawaru.
             Mangled by a cane toad (14 damage)
             ... on level 1 of the Lair of Beasts.
             The game lasted 00:04:29 (9384 turns).

qw the Cleaver (Gargoyle Fighter)                   Turns: 9384, Time: 00:04:30

Health: -6/71      AC: 36    Str: 23    XL:     11   Next: 71%
Magic:  15/17      EV:  9    Int: 10    God:    Okawaru [*****.]
Gold:   511        SH:  6    Dex:  9    Spells: 10/10 levels left

rFire   . . .        Y - +0 broad axe
rCold   . . .        c - +0 buckler
rNeg    + . .        p - +0 plate armour
rPois   inf          w - +0 helmet
rElec   +            f - +0 cloak
rCorr   .            t - +2 pair of gloves
SInv    .            m - +0 pair of boots
Will    .....        q - amulet of faith Stlth
                     j - +4 ring of slaying {mikee}
HPRegen 0.31/turn    e - +4 ring of protection
MPRegen 0.15/turn

%: faith
@: about to teleport, heroic, marked
A: sickness immunity, AC +8, negative energy resistance 1, electricity
resistance, torment resistance 1, petrification resistance
a: Renounce Religion, Heroism, Finesse, Duel


You were on level 1 of the Lair of Beasts.
You worshipped Okawaru.
Okawaru was extremely pleased with you.
You visited 3 branches of the dungeon, and saw 11 of its levels.

You collected 511 gold pieces.


Innate Abilities, Weirdness & Mutations

You are immune to sickness and miasma.
Your stone body is resilient. (AC +8)
You are immune to poison.
You resist negative energy. (rN+)
You are resistant to electric shocks. (rElec)
You are resistant to unholy torment.
You are immune to petrification.


   Skills:
 - Level 9.0(14.0) Fighting
 + Level 11.2(16.2) Axes
 - Level 1.1(6.1) Throwing
 - Level 9.0(14.0) Armour
 - Level 1.0(6.0) Dodging
 - Level 5.1(10.1) Shields
 + Level 8.1 Invocations


You had 10 spell levels left.
You didn't know any spells.
Your spell library was empty.

Inventory:

Hand Weapons
 n - a +0 morningstar
 Y - a +0 broad axe (weapon)
Missiles
 l - 2 boomerangs (quivered)
Armour
 c - a +0 buckler (worn)
 f - a +0 cloak (worn)
 g - a +0 tower shield
 m - a +0 pair of boots (worn)
 p - a +0 plate armour (worn)
 r - +0 acid dragon scales
 t - a +2 pair of gloves (worn)
 w - a +0 helmet (worn)
Jewellery
 b - a ring of protection from cold
 e - a +4 ring of protection (right hand)
 j - a +4 ring of slaying (left hand) {mikee}
 q - an amulet of faith (around neck)
 u - an amulet of the acrobat
Scrolls
 a - 4 scrolls of identify
 k - 2 scrolls of teleportation
Potions
 d - 4 potions of might
 h - 2 potions of curing
 i - 2 potions of heal wounds
 o - 2 potions of attraction
 s - a potion of haste
 v - 2 potions of lignification

Dungeon Overview and Level Annotations

Branches:
Dungeon (9/15)             Temple (1/1) D:5            Lair (1/5) D:9
    Orc: D:9-12

Altars:
Ashenzari
Cheibriados
Dithmenos
Elyvilon
Fedhas
Gozag
Makhleb
Nemelex Xobeh
Okawaru
Qazlal
Ru
Sif Muna
Trog
Uskayaw
Wu Jian
Xom
Yredelemnul
Zin
The Shining One

Shops:
D:3 *

Annotations:
D:5 2 transporters, 2 runed translucent doors, qw's ghost, novice MiHu


Message History

9370 ||| FLEEEEING.
9371 ||| FLEEEEING.
9372 ||| FLEEEEING.
9373 ||| FLEEEEING.
9374 ||| FLEEEEING.
9375 ||| FLEEEEING.
9376 ||| FLEEEEING.
9377 ||| FLEEEEING.
9378 ||| FLEEEEING.
A cane toad comes into view.
A cane toad comes into view.
9379 ||| INVOKING Heroism.
You gain the combat prowess of a mighty hero.
A wolf comes into view.
You hit the ice devil.
The ice devil is lightly wounded.
You hit the cane toad but do no damage. The cane toad stings you.
You barely miss the ice devil.
The ice devil is lightly wounded.
You slash the cane toad! The cane toad barely misses you.
The ice devil hits you. The ice devil freezes you!
The cane toad stings you but does no damage.
You slice the cane toad!!
The cane toad is almost dead.
You closely miss the ice devil.
A wolf comes into view.
The ice devil hits you. The ice devil freezes you! The cane toad stings you!
You slash the cane toad!
You kill the cane toad!
Okawaru accepts your kill.
You barely miss the ice devil. The ice devil hits you!
The ice devil freezes you!
9384 ||| READING 3 scrolls of teleportation.
As you read the scroll of teleportation, it crumbles to dust.
You feel strangely unstable.
A wolf comes into view.
The cane toad stings you!
You die...

........%.>.......[.#
....................#
...................#####
###########.####.......#
### ##.....## #.....#
#.....# ####F..%.#
#..@%.#### #.h4.##
#.4..# #....###
#..h...#### ##...(....#
#........# ##.h(....#
#.......#


You could see 2 ice devils, a cane toad and 3 wolves.

Vanquished Creatures
  A hydra (D:8)
  A two-headed ogre (D:6)
  Pikel (D:9)
  A black mamba (Lair:1)
  A cane toad (Lair:1)
  Maggie (D:7)
  2 komodo dragons (D:9)
  Prince Ribbit (D:8)
  A hornet (D:8)
  3 slime creatures (D:8)
  A shadow (D:8)
  16 yaks
  3 wyverns (D:9)
  A steam dragon (D:8)
  A basilisk (D:8)
  2 acid dragons
  Duvessa (D:7)
  2 water moccasins
  3 ice beasts
  An orc warrior (D:6)
  A sky beast (D:7)
  A black bear (D:5)
  2 centaurs
  4 lemures (D:9)
  A phantom (D:7)
  4 bullfrogs
  2 scorpions
  A water moccasin zombie (D:5)
  5 wights (D:8)
  9 killer bees (D:9)
  Dowan (D:7)
  7 howler monkeys
  An electric eel (D:9)
  5 hounds
  A bullfrog zombie (D:5)
  7 orc priests
  4 jellies
  A gnoll bouda (D:7)
  Ijyb (D:5)
  A sleepcap (D:6)
  2 iguanas (D:5)
  11 orc wizards
  7 gnolls
  5 adders
  2 shadow imps
  3 white imps
  2 ufetubi
  3 worms
  2 dart slugs (D:1)
  32 orcs
  4 bats
  5 endoplasms
  5 hobgoblins
  2 jackals (D:2)
  2 quokkas (D:3)
  6 ball pythons
  3 frilled lizards
  8 goblins
  7 kobolds
  5 rats
219 creatures vanquished.

Notes
Turn   | Place    | Note
-------+----------+-------------------------------------------
     0 | D:1      | qw the Gargoyle Fighter began the quest for the Orb.
     0 | D:1      | Reached XP level 1. HP: 14/14 MP: 1/1
     0 | D:1      | 0 ||| qw: Version: 0.2-a-29-g1fa15c8
     0 | D:1      | 0 ||| qw: Game counter: 4996
     0 | D:1      | 0 ||| qw: Always use a shield: true
     0 | D:1      | 0 ||| qw: God list: Okawaru
     0 | D:1      | 0 ||| qw: Allow faded altars: false
     0 | D:1      | 0 ||| qw: Do Orc after D:15 true
     0 | D:1      | 0 ||| qw: Do second Lair branch before Depths: true
     0 | D:1      | 0 ||| qw: Lair rune preference: random
     0 | D:1      | 0 ||| qw: Plans: Normal, Zot:1-4, Slime:5, God:TSO, Crypt,
                  | Tomb, Abyss, Pan, Hells, Win
     0 | D:1      | 0 ||| PLANNING D:1-11
    35 | D:1      | Reached skill level 2 in Axes
    69 | D:1      | 69 ||| DROPPING +0 club.
   108 | D:1      | Reached XP level 2. HP: 19/19 MP: 2/2
   489 | D:1      | 489 ||| Stepping ~*~*~tactically~*~*~ (stealth).
   546 | D:1      | Reached skill level 3 in Axes
   659 | D:1      | 659 ||| READING 3 scrolls labelled SIAFEINUEB.
   660 | D:1      | 660 ||| READING scroll labelled GICYZXA SAUX.
   661 | D:1      | 661 ||| READING 2 scrolls of identify.
   661 | D:1      | 661 ||| IDENTIFYING fizzy grey potion
   662 | D:1      | 662 ||| DROPPING potion of enlightenment.
   717 | D:2      | Reached XP level 3. HP: 23/23 MP: 3/3
   822 | D:2      | 822 ||| Stepping ~*~*~tactically~*~*~ (stealth).
   887 | D:2      | 887 ||| Stepping ~*~*~tactically~*~*~ (stealth).
  1276 | D:2      | 1276 ||| UPGRADING to +0 cloak.
  1281 | D:2      | 1281 ||| DROPPING amulet of magic regeneration.
  1282 | D:2      | 1282 ||| UPGRADING to +4 ring of slaying {mikee}.
  1283 | D:2      | 1283 ||| READING scroll labelled DESONI XUYKA.
  1286 | D:2      | 1286 ||| DRINKING 3 coppery potions.
  1320 | D:3      | Reached XP level 4. HP: 28/28 MP: 4/4
  1323 | D:3      | Reached skill level 4 in Axes
  1341 | D:3      | 1341 ||| Stepping ~*~*~tactically~*~*~ (stealth).
  1408 | D:3      | Found Gozag's Platinum Reserve.
  1430 | D:3      | Found an opulent altar of Gozag.
  1445 | D:3      | 1445 ||| SHOPLISTING ring "Diugocos" {Ice Str-4 Int-3 Dex+7
                  | Stlth+} (3480 gold, have 136).
  1445 | D:3      | 1445 ||| SHOPLISTING ring of Daath {rC+ Dex+2 SInv} (4040
                  | gold, have 136).
  1569 | D:3      | 1569 ||| Stepping ~*~*~tactically~*~*~ (hiding).
  1595 | D:3      | 1595 ||| FLEEEEING.
  1596 | D:3      | 1596 ||| FLEEEEING.
  1597 | D:3      | 1597 ||| FLEEEEING.
  1598 | D:3      | 1598 ||| FLEEEEING.
  1599 | D:3      | 1599 ||| FLEEEEING.
  1600 | D:3      | 1600 ||| STAIRDANCE
  1633 | D:2      | 1633 ||| UPGRADING to +4 ring of protection.
  1634 | D:2      | 1634 ||| READING scroll labelled UNWUEF WOYLU.
  1811 | D:3      | Found a bloodstained altar of Trog.
  1907 | D:3      | 1907 ||| Stepping ~*~*~tactically~*~*~ (stealth).
  1918 | D:3      | Reached XP level 5. HP: 32/32 MP: 5/5
  1921 | D:3      | Found a sparkling altar of Nemelex Xobeh.
  2010 | D:3      | 2010 ||| READING 2 scrolls labelled YPOG PUBECKEE.
  2011 | D:3      | 2011 ||| DROPPING scroll of revelation.
  2029 | D:4      | 2029 ||| STAIRDANCE
  2074 | D:4      | 2074 ||| STAIRDANCE
  2147 | D:4      | Reached skill level 5 in Axes
  2187 | D:4      | Reached XP level 6. HP: 38/38 MP: 6/6
  2210 | D:4      | Reached skill level 1 in Dodging
  2342 | D:4      | 2342 ||| Stepping ~*~*~tactically~*~*~ (hiding).
  2392 | D:4      | 2392 ||| Stepping ~*~*~tactically~*~*~ (stealth).
  2546 | D:4      | 2546 ||| Stepping ~*~*~tactically~*~*~ (stealth).
  2560 | D:4      | 2560 ||| Stepping ~*~*~tactically~*~*~ (stealth).
  2568 | D:4      | 2568 ||| Stepping ~*~*~tactically~*~*~ (stealth).
  2570 | D:4      | 2570 ||| Stepping ~*~*~tactically~*~*~ (hiding).
  2622 | D:4      | 2622 ||| Stepping ~*~*~tactically~*~*~ (stealth).
  2624 | D:4      | 2624 ||| Stepping ~*~*~tactically~*~*~ (hiding).
  2625 | D:4      | 2625 ||| Stepping ~*~*~tactically~*~*~ (hiding).
  2838 | D:4      | Found a white marble altar of Elyvilon.
  3142 | D:4      | 3142 ||| UPGRADING to +0 pair of boots.
  3147 | D:4      | 3147 ||| READING scroll labelled BUXZUMEALOB.
  3148 | D:4      | 3148 ||| DRINKING 2 smoky orange potions.
  3149 | D:4      | 3149 ||| READING 3 scrolls of identify.
  3149 | D:4      | 3149 ||| IDENTIFYING golden potion
  3150 | D:4      | 3150 ||| DROPPING potion of brilliance.
  3165 | D:5      | Entered Level 5 of the Dungeon
  3171 | D:5      | Noticed Ijyb
  3176 | D:5      | Killed Ijyb
  3182 | D:5      | Reached skill level 6 in Axes
  3183 | D:5      | Reached XP level 7. HP: 34/43 MP: 7/7
  3194 | D:5      | 3194 ||| FLEEEEING.
  3195 | D:5      | 3195 ||| FLEEEEING.
  3196 | D:5      | 3196 ||| FLEEEEING.
  3198 | D:5      | 3198 ||| FLEEEEING.
  3199 | D:5      | 3199 ||| FLEEEEING.
  3200 | D:5      | 3200 ||| STAIRDANCE
  3242 | D:5      | 3242 ||| Stepping ~*~*~tactically~*~*~ (stealth).
  3243 | D:5      | 3243 ||| Stepping ~*~*~tactically~*~*~ (stealth).
  3245 | D:5      | 3245 ||| Stepping ~*~*~tactically~*~*~ (hiding).
  3381 | D:5      | Found a staircase to the Ecumenical Temple.
  3382 | D:5      | 3382 ||| PLANNING TEMPLE
  3382 | D:5      | 3382 ||| UPGRADING to +0 chain mail.
  3392 | D:5      | 3392 ||| DROPPING +0 scale mail.
  3400 | Temple   | Entered the Ecumenical Temple
  3409 | Temple   | 3409 ||| PLANNING OKAWARU WORSHIP
  3521 | Temple   | Became a worshipper of Warmaster Okawaru
  3522 | Temple   | 3522 ||| PLANNING D:1-11
  3564 | D:5      | Identified the +10 spear of Domination {vamp, Will+}
  3636 | D:5      | Noticed qw's ghost (novice MiHu)
  3637 | D:5      | Found a transporter.
  3642 | D:5      | Found a transporter.
  3656 | D:5      | Found a blossoming altar of Fedhas.
  3773 | D:5      | Reached skill level 7 in Axes
  3972 | D:5      | Found a basalt altar of Yredelemnul.
  4082 | D:5      | 4082 ||| Stepping ~*~*~tactically~*~*~ (hiding).
  4094 | D:5      | Reached skill level 1 in Throwing
  4190 | D:5      | Reached * piety under Okawaru
  4191 | D:5      | Reached XP level 8. HP: 30/49 MP: 8/8
  4273 | D:5      | 4273 ||| Stepping ~*~*~tactically~*~*~ (stealth).
  4287 | D:5      | Found a shimmering altar of Xom.
  4409 | D:5      | Found a large runed translucent door.
  4410 | D:5      | Found a large runed translucent door.
  4501 | D:5      | 4501 ||| DRINKING 2 murky coppery potions.
  4558 | D:6      | Found a shadowy altar of Dithmenos.
  4617 | D:6      | 4617 ||| INVOKING Heroism.
  4625 | D:6      | Reached skill level 1 in Invocations
  4711 | D:6      | Noticed a two-headed ogre
  4712 | D:6      | 4712 ||| INVOKING Heroism.
  4722 | D:6      | Killed a two-headed ogre
  4722 | D:6      | Reached ** piety under Okawaru
  4723 | D:6      | Reached skill level 9 in Axes
  4723 | D:6      | Reached XP level 9. HP: 54/54 MP: 8/10
  4748 | D:6      | 4748 ||| INVOKING Heroism.
  4869 | D:6      | Reached skill level 3 in Invocations
  4959 | D:6      | Found a hide-covered altar of Uskayaw.
  5030 | D:6      | 5030 ||| Stepping ~*~*~tactically~*~*~ (stealth).
  5043 | D:6      | 5043 ||| Stepping ~*~*~tactically~*~*~ (stealth).
  5140 | D:6      | 5140 ||| UPGRADING to +0 plate armour.
  5150 | D:6      | 5150 ||| DROPPING +0 chain mail.
  5151 | D:6      | 5151 ||| READING scroll labelled SERCHI COHO.
  5152 | D:6      | 5152 ||| READING 5 scrolls of identify.
  5152 | D:6      | 5152 ||| IDENTIFYING emerald potion
  5153 | D:6      | 5153 ||| DROPPING potion of berserk rage.
  5172 | D:7      | Noticed Maggie
  5173 | D:7      | 5173 ||| Stepping ~*~*~tactically~*~*~ (hiding).
  5178 | D:7      | 5178 ||| Stepping ~*~*~tactically~*~*~ (hiding).
  5190 | D:7      | 5190 ||| INVOKING Heroism.
  5194 | D:7      | Killed Maggie
  5201 | D:7      | Reached *** piety under Okawaru
  5315 | D:7      | 5315 ||| UPGRADING to +0 broad axe.
  5316 | D:7      | 5316 ||| DROPPING +0 war axe.
  5354 | D:7      | 5354 ||| Stepping ~*~*~tactically~*~*~ (hiding).
  5356 | D:7      | 5356 ||| Stepping ~*~*~tactically~*~*~ (hiding).
  5361 | D:7      | 5361 ||| Stepping ~*~*~tactically~*~*~ (stealth).
  5403 | D:7      | 5403 ||| Stepping ~*~*~tactically~*~*~ (hiding).
  5405 | D:7      | 5405 ||| Stepping ~*~*~tactically~*~*~ (hiding).
  5408 | D:7      | 5408 ||| Stepping ~*~*~tactically~*~*~ (hiding).
  5409 | D:7      | 5409 ||| INVOKING Heroism.
  5420 | D:7      | Reached skill level 6 in Fighting
  5605 | D:7      | 5605 ||| INVOKING Heroism.
  5757 | D:7      | Found a sacrificial altar of Ru.
  5759 | D:7      | 5759 ||| Stepping ~*~*~tactically~*~*~ (stealth).
  5760 | D:7      | 5760 ||| Stepping ~*~*~tactically~*~*~ (stealth).
  5761 | D:7      | 5761 ||| Stepping ~*~*~tactically~*~*~ (stealth).
  5799 | D:7      | 5799 ||| Stepping ~*~*~tactically~*~*~ (hiding).
  5800 | D:7      | 5800 ||| Stepping ~*~*~tactically~*~*~ (hiding).
  5810 | D:7      | Reached skill level 6 in Armour
  5824 | D:7      | Noticed Duvessa
  5824 | D:7      | Noticed Dowan
  5825 | D:7      | 5825 ||| INVOKING Heroism.
  5829 | D:7      | Killed Dowan
  5835 | D:7      | Killed Duvessa
  5997 | D:7      | Found a glowing silver altar of Zin.
  6276 | D:7      | 6276 ||| UPGRADING to +0 helmet.
  6281 | D:7      | 6281 ||| UPGRADING to +0 pair of gloves.
  6286 | D:7      | 6286 ||| DROPPING ring of magical power.
  6287 | D:7      | 6287 ||| READING scroll labelled MOZAHE IRYDWE.
  6288 | D:7      | 6288 ||| READING scroll labelled EPAPSA KEMNIOT.
  6289 | D:7      | 6289 ||| READING 5 scrolls of identify.
  6289 | D:7      | 6289 ||| IDENTIFYING smoky dark potion
  6290 | D:7      | 6290 ||| READING 4 scrolls of identify.
  6290 | D:7      | 6290 ||| IDENTIFYING viscous purple potion
  6291 | D:7      | 6291 ||| DROPPING potion of degeneration.
  6339 | D:8      | Reached XP level 10. HP: 63/63 MP: 13/13
  6490 | D:8      | 6490 ||| Stepping ~*~*~tactically~*~*~ (hiding).
  6505 | D:8      | Reached skill level 10 in Axes
  6568 | D:8      | Noticed a six-headed hydra
  6569 | D:8      | 6569 ||| INVOKING Heroism.
  6570 | D:8      | 6570 ||| SWAPPING to +0 flail.
  6577 | D:8      | Killed a six-headed hydra
  6577 | D:8      | Received a gift from Okawaru
  6647 | D:8      | 6647 ||| UPGRADING to +0 broad axe.
  6692 | D:8      | 6692 ||| INVOKING Heroism.
  6694 | D:8      | 6694 ||| Stepping ~*~*~tactically~*~*~ (cloud).
  6816 | D:8      | Found an ornate altar of the Wu Jian Council.
  7010 | D:8      | Noticed Prince Ribbit
  7011 | D:8      | 7011 ||| Stepping ~*~*~tactically~*~*~ (stealth).
  7031 | D:8      | Killed Prince Ribbit
  7135 | D:8      | 7135 ||| Stepping ~*~*~tactically~*~*~ (hiding).
  7143 | D:8      | Reached **** piety under Okawaru
  7146 | D:8      | 7146 ||| INVOKING Heroism.
  7239 | D:8      | 7239 ||| Stepping ~*~*~tactically~*~*~ (hiding).
  7250 | D:8      | 7250 ||| INVOKING Heroism.
  7474 | D:8      | 7474 ||| UPGRADING to amulet of faith.
  7479 | D:8      | 7479 ||| READING scroll labelled NYIGOA FOBE.
  7480 | D:8      | 7480 ||| READING 4 scrolls of identify.
  7480 | D:8      | 7480 ||| IDENTIFYING murky silvery potion
  7580 | D:9      | Received a gift from Okawaru
  7618 | D:9      | 7618 ||| INVOKING Heroism.
  7629 | D:9      | Reached XP level 11. HP: 43/69 MP: 12/14
  7863 | D:9      | 7863 ||| DROPPING +0 flail.
  7917 | D:9      | Reached skill level 11 in Axes
  8081 | D:9      | 8081 ||| Stepping ~*~*~tactically~*~*~ (stealth).
  8084 | D:9      | 8084 ||| INVOKING Heroism.
  8091 | D:9      | Reached skill level 6 in Invocations
  8154 | D:9      | 8154 ||| Stepping ~*~*~tactically~*~*~ (stealth).
  8353 | D:9      | 8353 ||| Stepping ~*~*~tactically~*~*~ (stealth).
  8608 | D:9      | 8608 ||| INVOKING Heroism.
  8610 | D:9      | 8610 ||| Stepping ~*~*~tactically~*~*~ (stealth).
  8615 | D:9      | Reached skill level 9 in Fighting
  8710 | D:9      | Noticed Pikel
  8728 | D:9      | 8728 ||| INVOKING Heroism.
  8731 | D:9      | Killed Pikel
  8868 | D:9      | Found a staircase to the Lair.
  9066 | D:9      | 9066 ||| PLANNING LAIR
  9066 | D:9      | 9066 ||| UPGRADING to +2 pair of gloves.
  9076 | D:9      | 9076 ||| DROPPING +0 pair of gloves.
  9077 | D:9      | 9077 ||| READING scroll labelled UDOIBE XEFUQEHY.
  9078 | D:9      | 9078 ||| READING 5 scrolls of identify.
  9078 | D:9      | 9078 ||| IDENTIFYING lumpy orange potion
  9079 | D:9      | 9079 ||| DROPPING potion of invisibility.
  9218 | Lair:1   | Entered Level 1 of the Lair of Beasts
  9229 | Lair:1   | Reached skill level 9 in Armour
  9233 | Lair:1   | Reached ***** piety under Okawaru
  9255 | Lair:1   | 9255 ||| Stepping ~*~*~tactically~*~*~ (stealth).
  9257 | Lair:1   | 9257 ||| Stepping ~*~*~tactically~*~*~ (stealth).
  9259 | Lair:1   | 9259 ||| INVOKING Heroism.
  9274 | Lair:1   | 9274 ||| Stepping ~*~*~tactically~*~*~ (stealth).
  9283 | Lair:1   | 9283 ||| Stepping ~*~*~tactically~*~*~ (stealth).
  9284 | Lair:1   | 9284 ||| Stepping ~*~*~tactically~*~*~ (stealth).
  9359 | Lair:1   | 9359 ||| FLEEEEING.
  9360 | Lair:1   | 9360 ||| FLEEEEING.
  9361 | Lair:1   | 9361 ||| FLEEEEING.
  9362 | Lair:1   | 9362 ||| FLEEEEING.
  9363 | Lair:1   | 9363 ||| FLEEEEING.
  9364 | Lair:1   | 9364 ||| FLEEEEING.
  9365 | Lair:1   | 9365 ||| FLEEEEING.
  9366 | Lair:1   | 9366 ||| FLEEEEING.
  9367 | Lair:1   | 9367 ||| FLEEEEING.
  9368 | Lair:1   | 9368 ||| FLEEEEING.
  9369 | Lair:1   | 9369 ||| FLEEEEING.
  9370 | Lair:1   | 9370 ||| FLEEEEING.
  9371 | Lair:1   | 9371 ||| FLEEEEING.
  9372 | Lair:1   | 9372 ||| FLEEEEING.
  9373 | Lair:1   | 9373 ||| FLEEEEING.
  9374 | Lair:1   | 9374 ||| FLEEEEING.
  9375 | Lair:1   | 9375 ||| FLEEEEING.
  9376 | Lair:1   | 9376 ||| FLEEEEING.
  9377 | Lair:1   | 9377 ||| FLEEEEING.
  9378 | Lair:1   | 9378 ||| FLEEEEING.
  9379 | Lair:1   | 9379 ||| INVOKING Heroism.
  9383 | Lair:1   | HP: 8/71 [ice devil (14)]
  9384 | Lair:1   | 9384 ||| READING 3 scrolls of teleportation.
  9384 | Lair:1   | Mangled by a cane toad

Levels and vault maps discovered:
D:1:      dpeg_arrival_solitude, layout_loops_ring
D:2:      layout_basic
D:3:      layout_loops_ring, nemelex_spade_bored_becter,
          nicolae_gozag_zags_fifth_avenue, trog_book
D:4:      layout_loops_ring, marbit_many_paths
D:5:      layout_loops_corners, mainiacjoe_overflow_small_starburst, tgw_xom,
          jmf_multi_god_temple2, lemuel_zombie_altar_yredelemnul,
          minmay_temple_entry_tees, gammafunk_ghost_hive, uniq_ijyb
D:6:      layout_cave_pools, nicolae_dithmenos_the_darkroom,
          nicolae_uskayaw_murder_on_the_dancefloor
D:7:      layout_gridville, nicolae_ru_sacrificial_ziggurat, zin_treasury,
          uniq_maggie, uniq_duvessa
D:8:      minmay_diamond_stairs, layout_basic, nicolae_wu_jian_wuxing_cycle,
          uniq_prince_ribbit1
D:9:      statuecave_lemuel, layout_basic, erik_lair_dragon, uniq_pikel
Temple:   hellmonk_temple_beads
Lair:1:   layout_cellular_growth, portal_ice_cave_demonic_guard

Skill      XL: |  1  2  3  4  5  6  7  8  9 10 11 |
---------------+----------------------------------+-----
Axes           | 2 3 4 5 6 7 9 10 11 | 11.2
Fighting       | 4 5 7 8 9 |  9.0
Dodging        | 1 |  1.0
Throwing       | 1 |  1.1
Invocations    | 2 4 8 |  8.1
Armour         | 6 8 9 |  9.0
Shields        | 4 5 |  5.1

Action                     |  1- 3 |  4- 6 |  7- 9 | 10-12 || total
---------------------------+-------+-------+-------+-------++-------
  Melee: War axe           |    92 |   123 |   125 |       ||   340
         Broad axe         |       |       |    54 |   224 ||   278
         Flail             |       |       |       |     7 ||     7
  Throw: Boomerang         |       |       |    71 |    73 ||   144
 Invoke: Heroism           |       |       |     7 |    10 ||    17
    Use: Scroll            |     4 |     4 |     6 |     5 ||    19
         Potion            |     1 |     1 |     1 |       ||     3
 Armour: Scale mail        |    40 |    68 |     6 |       ||   114
         Chain mail        |       |       |    44 |       ||    44
         Plate armour      |       |       |    52 |   187 ||   239
  Dodge: Dodged            |    42 |    46 |    73 |    69 ||   230
  Block: Buckler           |    12 |    17 |    29 |    46 ||   104

Table legend:
 A = Non-vault XP
 B = Vault XP
 C = Vault XP percentage of total XP
 D = Non-vault monster count
 E = Vault monster count
 F = Vault count percentage of total count
                 A         B        C        D         E       F
            +---------+---------+-------+---------+---------+-------
      Total |   10738 |    5017 |  31.8 |     191 |      24 |  11.2
            +---------+---------+-------+---------+---------+-------
        D:1 |      32 |       0 |   0.0 |      19 |       0 |   0.0
        D:2 |      26 |       0 |   0.0 |      11 |       0 |   0.0
        D:3 |     148 |       0 |   0.0 |      22 |       0 |   0.0
        D:4 |     306 |       2 |   0.6 |      20 |       1 |   4.8
        D:5 |     649 |     171 |  20.9 |      27 |       6 |  18.2
        D:6 |    1430 |       0 |   0.0 |      13 |       0 |   0.0
        D:7 |    1249 |     633 |  33.6 |      24 |       3 |  11.1
        D:8 |    1293 |    2293 |  63.9 |      16 |       8 |  33.3
        D:9 |    3278 |    1918 |  36.9 |      30 |       6 |  16.7
     Lair:1 |    2327 |       0 |   0.0 |       9 |       0 |   0.0
            +---------+---------+-------+---------+---------+-------
